 Dungeon Crawl Stone Soup version 0.25.1-2-g60ff931df9 (console) character file.

Game seed: 1557961686864287909

24 Colgate the Ducker (level 3, 31/35 HPs)
             Began as a Gnoll Monk on Aug 5, 2020.
             Quit the game on level 2 of the Dungeon.
             The game lasted 00:05:02 (928 turns).

Colgate the Ducker (Gnoll Monk)                      Turns: 928, Time: 00:05:03

Health: 31/35      AC:  5    Str: 13    XL:     3   Next: 2%
Magic:  3/3        EV: 14    Int: 13    God:
Gold:   36         SH:  0    Dex: 17    Spells: 3/3 levels left

rFire    . . .     SeeInvis .   a - +0 spear
rCold    . . .     Gourm    .   (no shield)
rNeg     . . .     Faith    .   e - +0 ring mail
rPois    .         Spirit   .   (no helmet)
rElec    .         Reflect  .   (no cloak)
rCorr    .         Harm     .   (no gloves)
MR       .....                  (no boots)
Stlth    ++........             (no amulet)
HPRegen  0.11/turn              (no ring)
MPRegen  0.08/turn              (no ring)

@: no status effects
A: distributed training, fangs 1, strong nose
a: no special abilities


You were on level 2 of the Dungeon.
You were not hungry.

You visited 1 branch of the dungeon, and saw 2 of its levels.

You collected 36 gold pieces.

Inventory:

Hand Weapons
 a - a +0 spear (weapon)
Missiles
 d - 17 poisoned darts (quivered)
 j - 43 stones
 m - 18 arrows
Armour
 b - a +0 robe
 e - a +0 ring mail (worn)
Scrolls
 f - 2 scrolls of fog {unknown}
 k - a scroll of remove curse {unknown}
 l - a scroll of identify {unknown}
Potions
 h - a potion of curing {unknown}
 i - a potion of resistance {unknown}
Comestibles
 c - 6 rations
 g - 3 chunks of flesh


   Skills:
 + Level 6.5 Fighting
 + Level 0.5 Short Blades
 + Level 0.5 Long Blades
 + Level 0.5 Axes
 + Level 0.5 Maces & Flails
 + Level 6.5 Polearms
 + Level 0.5 Staves
 + Level 0.5 Slings
 + Level 0.5 Bows
 + Level 0.5 Crossbows
 + Level 0.5 Throwing
 + Level 0.5 Armour
 + Level 6.5 Dodging
 + Level 4.1 Stealth
 + Level 0.5 Shields
 + Level 0.5 Unarmed Combat
 + Level 0.5 Spellcasting
 + Level 0.4 Conjurations
 + Level 0.4 Hexes
 + Level 0.4 Charms
 + Level 0.4 Summonings
 + Level 0.4 Necromancy
 + Level 0.4 Translocations
 + Level 0.4 Transmutations
 + Level 0.4 Fire Magic
 + Level 0.4 Ice Magic
 + Level 0.4 Air Magic
 + Level 0.4 Earth Magic
 + Level 0.4 Poison Magic
 + Level 0.7 Invocations
 + Level 0.5 Evocations


You had 3 spell levels left.
You didn't know any spells.
Your spell library was empty.

Dungeon Overview and Level Annotations

Branches:
Dungeon (2/15)

Altars:


Innate Abilities, Weirdness & Mutations

Your experience applies equally to all skills.
You have very sharp teeth.
Your uncanny sense of smell can sniff out nearby items.


Message History

Aim: a quokka (asleep)
You reach to attack!
The helpless quokka fails to defend itself.
You hit the quokka.
The quokka is lightly wounded.
You hit the quokka but do no damage.
The quokka is lightly wounded.
The quokka bites you.
You barely miss the quokka. The quokka bites you.
You hit the quokka.
The quokka is almost dead.
The quokka barely misses you.
You hit the quokka.
You kill the quokka!
You have reached level 3!
Your experience leads to an increase in your attributes!
Increase (S)trength, (I)ntelligence, or (D)exterity?
You feel clever.
A rat comes into view.
Are you sure you want to abandon this character and quit the game? (Confirm with "yes".)

∆ ... ... #### #+# ##
.... #####...###+#.#
......r
#...#.#.##....###.#...
.........+...... ...
.<......##....###.#
.....#####......@.#..
.÷.............?........
.............#########..
..............#
..............+
..............#
..............#
#####.........#
######...## #...# ####


You could see a rat (wandering).

Vanquished Creatures
  A dart slug (D:1)
  3 leopard geckos
  3 giant cockroaches (D:1)
  A hobgoblin (D:1)
  3 kobolds (D:1)
  A quokka (D:2)
  4 bats (D:1)
  2 rats (D:1)
18 creatures vanquished.

Notes
Turn   | Place    | Note
-------+----------+-------------------------------------------
     0 | D:1      | Colgate the Gnoll Monk began the quest for the Orb.
     0 | D:1      | Reached XP level 1. HP: 23/23 MP: 1/1
   230 | D:1      | Reached XP level 2. HP: 28/29 MP: 2/2
   927 | D:2      | Reached XP level 3. HP: 31/35 MP: 3/3
   928 | D:2      | Quit the game

Illustrated notes

Levels and vault maps discovered:
D:1:      tarquinn_simple_flora_water_a, layout_loops_corners, st_stairs_11
D:2:      layout_basic, chequers_temple_overflow_minitemple,
          lemuel_crystal_altar

Action                   || total
-------------------------++-------
Melee: Spear             ||    51
       Bite              ||     4
Throw: Dart              ||    17
 Stab: Sleeping          ||     7
       Distracted        ||     1
Armor: Ring mail         ||     7
Dodge: Dodged            ||    15
